 Dungeon Crawl Stone Soup version 0.27-a0-1334-g2746e35aca (webtiles) character file.

Game seed: 6407149474355018583

519 Delamore the Covert (level 7, -4/50 HPs)
             Began as an Octopode Brigand on June 26, 2021.
             Slain by an orc (10 damage)
             ... on level 4 of the Dungeon.
             The game lasted 00:04:19 (3440 turns).

Delamore the Covert (Octopode Brigand)              Turns: 3440, Time: 00:04:20

Health: -4/50      AC:  1    Str: 17    XL:     7   Next: 21%
Magic:  7/7        EV: 15    Int: 13    God:
Gold:   161        SH:  0    Dex: 15    Spells: 6/6 levels left

rFire    . . .     SeeInvis .   a - +2 dagger
rCold    . . .     Faith    .   (no shield)
rNeg     . . .     Spirit   .   (helmet restricted)
rPois    .         Reflect  .   (no amulet)
rElec    .         Harm     .   p - +6 ring of strength
rCorr    .         Rampage  .   (no ring)
Will     .....                  (no ring)
Stlth    ++++++....             (no ring)
HPRegen  0.16/turn              (no ring)
MPRegen  0.10/turn              (no ring)
                                (no ring)
                                (no ring)

@: no status effects
A: almost no armour, amphibious, 8 rings, camouflage 1, gelatinous body 1,
nimble swimmer 1, tentacles
a: no special abilities


You were on level 4 of the Dungeon.
You visited 1 branch of the dungeon, and saw 4 of its levels.

You collected 161 gold pieces.

Inventory:

Hand Weapons
 a - a +2 dagger (weapon)
 l - a +0 dagger of holy wrath
Missiles
 b - 3 poisoned darts (quivered)
 c - 2 curare-tipped darts
 j - 3 javelins
Jewellery
 e - a ring of ice
 p - a +6 ring of strength (left tentacle)
Scrolls
 f - a scroll of amnesia {unknown}
 h - a scroll of fog {unknown}
 i - 2 scrolls of enchant weapon {unknown}
 m - a scroll of immolation {unknown}
 n - a scroll of teleportation {unknown}
 o - a scroll of blinking {unknown}
Potions
 d - a potion of brilliance
 g - a potion of curing
 k - a potion of haste


   Skills:
 - Level 5.1 Fighting
 * Level 8.0 Short Blades
 - Level 5.3 Throwing
 - Level 4.8 Dodging
 + Level 9.2 Stealth


You had 6 spell levels left.
You didn't know any spells.
Your spell library was empty.

Dungeon Overview and Level Annotations

Branches:
Dungeon (4/15)
 Temple: D:4-7

Altars:
Wu Jian

Shops:
D:1 [


Innate Abilities, Weirdness & Mutations

You cannot wear most types of armour.
You are amphibious.
You can wear up to eight rings at the same time.
Your skin changes colour to match your surroundings (Stealth+).
Your rubbery body absorbs attacks. (AC +1, EV +1)
You are camouflaged near water. (Stealth+)
You have tentacles for arms and can constrict up to eight enemies at once.


Message History

* * * LOW HITPOINT WARNING * * *
Okay, then.
You aren't carrying any items that you can evoke.
Unknown command.
Okay, then.
You feel better. Something barely misses you. Something barely misses you.
Found 17 stones.
A sky beast appears from thin air!
Reactivating autopickup.
A hobgoblin comes into view.
The sky beast flickers out of sight!
Deactivating autopickup; reactivate with Ctrl-A.
A sky beast appears from thin air!
Reactivating autopickup.
The hobgoblin shouts!
You hit the sky beast. Your squeeze misses the sky beast.
The sky beast is moderately wounded.
You hear a shout!
You hit the sky beast.
The sky beast is moderately wounded.
The sky beast flickers out of sight!
Deactivating autopickup; reactivate with Ctrl-A.
Something barely misses you. Something hits you.
* * * LOW HITPOINT WARNING * * *
Something shocks you.
* * * LOW HITPOINT WARNING * * *
You barely miss something. The hobgoblin hits you.
* * * LOW HITPOINT WARNING * * *
A sky beast appears from thin air!
Reactivating autopickup.
The sky beast misses you. The hobgoblin hits you.
* * * LOW HITPOINT WARNING * * *
An orc comes into view. It is wielding a +0 short sword.
The sky beast flickers out of sight!
Deactivating autopickup; reactivate with Ctrl-A.
The orc hits you with a +0 flail!
You die...

#....<..)#.......#..#..####.##.
#.#......((.[....#......#......
#...#...###...#.....†...(......
#.#...##......###..†...........
.....##....##.......(†..........
..#.##
..##.##.#......o.....#.... . .#
.. ..#.##..≈≈........##.. .#
#...####.≈..≈.......##.. ..
##≈@≈..≈..≈≈...≈##
#≈≈≈o.≈..≈..≈..≈≈#
#{g...≈.⌠≈..≈..≈≈# .
#≈{{.≈..≈⌠.≈)..≈≈#..
#≈≈..≈..≈..≈..≈≈≈#..
##≈...≈≈..≈..≈≈≈##.. ..
##.......≈..≈.##... ...
#........≈≈..##.. ..
#.###............#.##


You could see 2 orcs and a hobgoblin.

Vanquished Creatures
  3 killer bees
  An orc priest (D:4)
  A hound (D:3)
  An iguana (D:3)
  Jessica (D:2)
  A hound skeleton (D:4)
  3 gnolls (D:3)
  5 adders
  An adder skeleton (D:4)
  2 worms (D:3)
  3 dart slugs
  8 orcs
  9 ball pythons
  2 bats
  4 endoplasms
  3 giant cockroaches
  7 goblins
  A hobgoblin (D:1)
  12 jackals
  7 frilled lizards
  4 kobolds
  3 rats
82 creatures vanquished.

Notes
Turn   | Place    | Note
-------+----------+-------------------------------------------
     0 | D:1      | Delamore the Octopode Brigand began the quest for the Orb.
     0 | D:1      | Reached XP level 1. HP: 14/14 MP: 1/1
   141 | D:1      | Found a faded altar of an unknown god.
   259 | D:1      | Reached XP level 2. HP: 16/19 MP: 2/2
   550 | D:1      | Found Irontul's Antique Armour Boutique.
   984 | D:2      | Reached XP level 3. HP: 24/24 MP: 3/3
  1167 | D:2      | Found an ornate altar of the Wu Jian Council.
  1380 | D:2      | Noticed Jessica
  1384 | D:2      | Killed Jessica
  1385 | D:2      | Reached XP level 4. HP: 30/30 MP: 4/4
  1746 | D:3      | Reached skill level 5 in Fighting
  1746 | D:3      | Reached skill level 5 in Throwing
  1746 | D:3      | Reached skill level 8 in Stealth
  1746 | D:3      | Reached XP level 5. HP: 39/39 MP: 5/5
  1774 | D:3      | Reached XP level 6. HP: 45/45 MP: 6/6
  2804 | D:4      | Reached skill level 9 in Stealth
  3171 | D:3      | Reached XP level 7. HP: 36/50 MP: 7/7
  3440 | D:4      | Slain by an orc

Illustrated notes

Levels and vault maps discovered:
D:1:      lemuel_arrival_lava_pool, layout_basic, serial_shops, shop,
          ebering_ecumenical_altar_box
D:2:      layout_basic, basic_altar, interstate_on_off, uniq_jessica
D:3:      minmay_chambers_of_threes, layout_basic
D:4:      cheibrodos_helix_gallery, layout_cave_pools, minmay_crystal_room,
          hangedman_decor_peaks_small

Skill      XL: |  1  2  3  4  5  6  7 |
---------------+----------------------+-----
Short Blades   | 3 7 8 |  8.0
Fighting       | 5 |  5.1
Throwing       | 5 |  5.3
Dodging        | 4 |  4.8
Stealth        | 8 9 |  9.2

Action                   |  1- 3 |  4- 6 |  7- 9 || total
-------------------------+-------+-------+-------++-------
Melee: Dagger            |    36 |    90 |    34 ||   160
       Constrict         |     7 |    25 |     6 ||    38
       Tentacles         |     4 |    22 |     7 ||    33
Throw: Dart              |       |    17 |     1 ||    18
  Use: Scroll            |       |     3 |     1 ||     4
       Potion            |       |     3 |     1 ||     4
 Stab: Sleeping          |    12 |     5 |       ||    17
Armor: Skin              |     3 |     3 |     1 ||     7
Dodge: Dodged            |    13 |    72 |    20 ||   105

Table legend: (Time is in decaauts)
 A = Elapsed time spent in this place.
 B = Non-inter-level travel time spent in this place.
 C = Inter-level travel time spent in this place.
 D = Time resting spent in this place.
 E = Time spent auto-exploring this place.
 F = Levels seen in this place.
 G = Mean time per level.
                   A        B        C        D        E       F      G
               +--------+--------+--------+--------+--------+-----+--------+
         Total |   3388 |   3277 |    111 |    832 |   1935 |   4 |  847.0 |
       Dungeon |   3388 |   3277 |    111 |    832 |   1935 |   4 |  847.0 |
               +--------+--------+--------+--------+--------+-----+--------+

Top non-repeatable levels by time:
     D:3: 1730 daAuts
     D:1: 922 daAuts
     D:2: 489 daAuts
     D:4: 245 daAuts
